 Dungeon Crawl Stone Soup version 0.27-a0-1194-g35abcb9 (webtiles) character file.

Game seed: 2356241502231811067

89 Illumine the Chiller (level 4, 0/24 HPs)
             Began as a Deep Elf Ice Elementalist on May 26, 2021.
             Hit by a boomerang thrown by an orc (5 damage)
             ... on level 3 of the Dungeon.
             The game lasted 00:05:09 (2245 turns).

Illumine the Chiller (Deep Elf Ice Elementalist)    Turns: 2245, Time: 00:05:09

Health: 0/24       AC:  2    Str:  5    XL:     4   Next: 31%
Magic:  8/12       EV: 13    Int: 21    God:
Gold:   117        SH:  0    Dex: 15    Spells: 0/11 levels left

rFire    . . .     SeeInvis .   e - staff of air
rCold    . . .     Faith    .   (no shield)
rNeg     . . .     Spirit   .   a - +0 robe
rPois    .         Reflect  .   (no helmet)
rElec    +         Harm     .   (no cloak)
rCorr    .         Rampage  .   (no gloves)
Will     .....                  (no boots)
Stlth    ++........             (no amulet)
HPRegen  0.08/turn              (no ring)
MPRegen  0.13/turn              (no ring)

@: no status effects
A: no striking features
a: no special abilities


You were on level 3 of the Dungeon.
You visited 1 branch of the dungeon, and saw 3 of its levels.

You collected 117 gold pieces.

Inventory:

Hand Weapons
 c - a +0 dagger
Armour
 a - a +0 robe (worn)
Magical Staves
 e - a staff of air (weapon)
Jewellery
 d - a ring of protection from cold
Scrolls
 h - a scroll of fear {unknown}
 j - a scroll of identify
 k - a scroll of magic mapping {unknown}
Potions
 b - a potion of heal wounds {unknown}
 f - a potion of mutation
 g - a potion of lignification
 i - a potion of brilliance {unknown}


   Skills:
 + Level 0.5 Fighting
 + Level 0.6 Staves
 + Level 3.3 Dodging
 - Level 2.4 Stealth
 * Level 4.2 Spellcasting
 + Level 0.2 Conjurations
 + Level 5.2 Ice Magic


You couldn't memorise any spells.
You knew the following spells:

 Your Spells              Type           Power      Damage    Failure   Level
a - Freeze                Ice            100%       1d11      1%          1
b - Frozen Ramparts       Ice            52%        1d7       4%          3
c - Ozocubu's Armour      Ice            26%        N/A       4%          3
d - Hailstorm             Conj/Ice       15%        3d5       36%         4

Your spell library contained the following spells:

 Spells                   Type           Power      Damage    Failure   Level
 Metabolic Englaciation   Hex/Ice        7%         N/A       75%         5


Dungeon Overview and Level Annotations

Branches:
Dungeon (3/15)

Altars:
Elyvilon


Message History

You hear a shout!
The orc throws a boomerang.
The boomerang hits you.
Casting: Freeze (safe; 1% risk of failure)
Confirm with . or Enter, or press ? or * to list all spells.
The spell is quite dangerous to cast (4% risk of failure)!
Continue anyway?
Casting: Frozen Ramparts (quite dangerous; 4% risk of failure)
Press: ? - help, Dir - look around, f - activate The walls around you are covered in ice.
Unknown command.
The wall freezes the gnoll.
The wall freezes the gnoll.
The gnoll hits you from afar with a +0 halberd!
Your frozen ramparts will break if you move.
Continue?
Okay, then.
Casting: Frozen Ramparts (quite dangerous; 4% risk of failure)
Confirm with . or Enter, or press ? or * to list all spells.
Okay, then.
Casting: Frozen Ramparts (quite dangerous; 4% risk of failure)
Confirm with . or Enter, or press ? or * to list all spells.
The spell is quite dangerous to cast (4% risk of failure)!
Continue anyway?
A film of ice covers your body!
The wall freezes the gnoll.
The gnoll hits you but does no damage.
The wall freezes the orc.
Unknown command.
The wall freezes the gnoll.
The gnoll hits you from afar with a +0 halberd!
* * * LOW HITPOINT WARNING * * *
Unknown command.
Your icy armour and frozen ramparts will break if you move.
Continue?
Your icy armour cracks and falls away as you move.
The frozen ramparts melt away as you move.
The orc shouts!
The orc throws a boomerang of dispersal.
The boomerang of dispersal hits you but does no damage.
The orc throws a boomerang.
The boomerang closely misses you.
The orc throws a boomerang.
The boomerang closely misses you.
The orc throws a boomerang.
The boomerang barely misses you.
The orc throws a boomerang of dispersal.
The boomerang of dispersal hits you but does no damage.
The orc throws a boomerang.
The boomerang hits you.
You die...

####.......# #.......#
#.......# #.......#
######..##########
##≈≈≈###..........#
##≈≈⌠≈≈##P.#P.#P.#.#
#≈≈...≈≈≈≈≈≈≈≈≈≈≈≈≈###
#≈⌠._@..gog.........##
#≈≈...≈≈≈≈≈≈≈≈≈≈≈≈≈...
##≈≈⌠≈≈##..#o.#..#.###
##≈≈≈##...og..o..P.##
#####....#........##
......#..........
.....#.#..........
.###.#.#..........
o..g...


You could see an orc wizard, 3 gnolls and 2 orcs.

Vanquished Creatures
  An adder (D:2)
  A worm (D:2)
  A dart slug (D:1)
  An orc (D:3)
  5 bats
  4 endoplasms
  2 giant cockroaches
  8 goblins
  2 hobgoblins
  16 jackals
  4 quokkas (D:1)
  5 ball pythons
  3 frilled lizards
  7 kobolds
  4 rats
64 creatures vanquished.

Vanquished Creatures (others)
  6 plants (D:3)
6 creatures vanquished.

Grand Total: 70 creatures vanquished

Notes
Turn   | Place    | Note
-------+----------+-------------------------------------------
     0 | D:1      | Illumine the Deep Elf Ice Elementalist began the quest for
                  | the Orb.
     0 | D:1      | Reached XP level 1. HP: 10/10 MP: 6/6
   322 | D:1      | Reached XP level 2. HP: 15/15 MP: 6/8
   757 | D:1      | Reached skill level 5 in Ice Magic
   788 | D:1      | Reached XP level 3. HP: 19/19 MP: 6/10
   822 | D:1      | Learned a level 3 spell: Frozen Ramparts
   826 | D:1      | Learned a level 3 spell: Ozocubu's Armour
  1538 | D:2      | Reached XP level 4. HP: 22/24 MP: 7/12
  1556 | D:2      | Learned a level 4 spell: Hailstorm
  1945 | D:3      | Found a white marble altar of Elyvilon.
  2245 | D:3      | Hit by a boomerang thrown by an orc

Illustrated notes

Levels and vault maps discovered:
D:1:      amcnicky_arrival_flooded_fountain, layout_loops_ring
D:2:      layout_basic
D:3:      layout_basic, nicolae_elyvilon_temple_path,
          ebering_ecumenical_altar_sacrificial

Skill      XL: |  1  2  3 |
---------------+----------+-----
Dodging        | 3 |  3.3
Ice Magic      | 5 |  5.2
Spellcasting   | 4 |  4.2
Fighting       | |  0.5
Staves         | |  0.6
Stealth        | |  2.4
Conjurations   | |  0.2

Action                   |  1- 3 |  4- 6 || total
-------------------------+-------+-------++-------
Melee: Dagger            |    11 |       ||    11
       Staff             |     1 |       ||     1
 Cast: Freeze            |    52 |    16 ||    68
       Frozen Ramparts   |     4 |     3 ||     7
       Ozocubu's Armour  |       |     1 ||     1
  Use: Scroll            |       |     2 ||     2
 Stab: Sleeping          |     1 |       ||     1
Armor: Robe              |     8 |     5 ||    13
Dodge: Dodged            |    38 |     8 ||    46

Table legend: (Time is in decaauts)
 A = Elapsed time spent in this place.
 B = Non-inter-level travel time spent in this place.
 C = Inter-level travel time spent in this place.
 D = Time resting spent in this place.
 E = Time spent auto-exploring this place.
 F = Levels seen in this place.
 G = Mean time per level.
                   A        B        C        D        E       F      G
               +--------+--------+--------+--------+--------+-----+--------+
         Total |   2243 |   2218 |     25 |    446 |   1349 |   3 |  747.7 |
       Dungeon |   2243 |   2218 |     25 |    446 |   1349 |   3 |  747.7 |
               +--------+--------+--------+--------+--------+-----+--------+

Top non-repeatable levels by time:
     D:1: 1100 daAuts
     D:2: 660 daAuts
     D:3: 482 daAuts
